[Event "Live Chess"]
[Site "Chess.com"]
[Date "2023.05.21"]
[Round "-"]
[White "Davidagye"]
[Black "Biranidun"]
[Result "0-1"]
[WhiteElo "1671"]
[BlackElo "2560"]
[TimeControl "300"]
[EndTime "23:39:16 PDT"]
[Termination "Biranidun won by resignation"]

1. b4 e5 2. Bb2 Bxb4 3. f4 exf4 4. Bxg7 Qh4+ 5. g3 fxg3 6. Bg2 gxh2+ 7. Kf1 hxg1=Q+ 8.
Kxg1 Bc5+ 9. e3 Qg5 10. Bxh8 d6 11. Rxh7 Ne7 12. Nc3 Bf5 13. Rh5 Qg6 14. Qf1 Qxh5 15. Bxb7 Qxh8 16. Bxa8 c6 17. Rb1 Bb6 18. Qf4 Qg7+ 19.
Kf2 Bxc2 20. Rb2 Qg6 21. a4 Nd7 22. Qf3 Ne5 0-1

[Event "Live Chess"]
[Site "Chess.com"]
[Date "2023.05.21"]
[Round "-"]
[White "Pandreq"]
[Black "Tushinskiy"]
[Result "0-1"]
[WhiteElo "1252"]
[BlackElo "2188"]
[TimeControl "300"]
[EndTime "23:39:56 PDT"]
[Termination "Tushinskiy won by resignation"]

1. d4 d5 2. c4 c6 3. Nc3 e6 4. e3 Nf6 5. Nf3 Bd6 6. c5 Bc7 7. b4 Nbd7 8. b5 e5 9. bxc6 bxc6 10. Qe2 a5 11. g3 h5 12. Bg2 e4 13. Nd2 h4 14. O-O Ba6 15. Qd1 hxg3 16. fxg3 Bxf1 17.
Qxf1 Ng4 18. Bh3 Nxe3 0-1

[Event "Live Chess"]
[Site "Chess.com"]
[Date "2023.05.21"]
[Round "-"]
[White "raminguy"]
[Black "Ian-Morley"]
[Result "1-0"]
[WhiteElo "1948"]
[BlackElo "1002"]
[TimeControl "300"]
[EndTime "23:40:08 PDT"]
[Termination "raminguy won by resignation"]

1. d4 e5 2. dxe5 Nc6 3. Nf3 Qe7 4. Bg5 Qb4+ 5. Nc3 Qxb2 6. Bd2 Bb4 7. Rb1 Qa3 8. Rb3 Qa5 9. a3 Bxc3 10. Rxc3 Nxe5 11. Re3 d6 12. Bxa5 b6 13. Nxe5 dxe5 1-0

[Event "Live Chess"]
[Site "Chess.com"]
[Date "2023.05.21"]
[Round "-"]
[White "Shepherds_Pie"]
[Black "LutherSullivan"]
[Result "1-0"]
[WhiteElo "1924"]
[BlackElo "2180"]
[TimeControl "300"]
[EndTime "23:40:18 PDT"]
[Termination "Shepherds_Pie won on time"]

1. c4 Nf6 2. Nc3 g6 3. g3 Bg7 4.
Bg2 O-O 5. Nf3 Nc6 6. O-O e5 7.
d3 d6 8. Rb1 a5 9. a3 Be6 10.
Nd2 Qd7 11. Re1 Bh3 12. Bh1 Rab8 13. b4 axb4 14. axb4 Ne7 15. b5 c6 16. bxc6 bxc6 17.
Rxb8 Rxb8 18. Qc2 Qa7 19. Nde4 Nf5 20. e3 d5 21. Nxf6+ Bxf6 22. cxd5 cxd5 23. Nxd5 Bg7 24.
Bd2 Qa6 25. Rb1 Rxb1+ 26. Qxb1 Bf8 27. Bf3 h5 28. Bc3 Bd6 29. Nf6+ Kh8 30. Ne4 Bg4 31. Bg2 Be2 32. Nxd6 Qxd6 33. Qa1 f6 34. Qa8+ Kg7 35. Qa7+ Kh6 36. d4 exd4 37. exd4 g5 38. Qa1 h4 39. d5 hxg3 40. hxg3 Nxg3 41. fxg3 Qxg3 42. Qe1 Qe3+ 43. Qf2 Qc1+ 44. Kh2 Qxc3 45. Qxe2 Qd4 46. Qf3 g4 47. Qe4 1-0

[Event "Live Chess"]
[Site "Chess.com"]
[Date "2023.05.21"]
[Round "-"]
[White "MarkLim1"]
[Black "Crowded_House"]
[Result "1/2-1/2"]
[WhiteElo "1658"]
[BlackElo "1684"]
[TimeControl "300"]
[EndTime "23:40:22 PDT"]
[Termination "Game drawn by repetition"]

1. d4 e6 2. Nf3 d5 3. e3 c5 4. b3 Nc6 5. Bb2 Nf6 6. Nbd2 Bd6 7. Bd3 O-O 8. O-O Qb6 9. a3 Bd7 10. Qe2 cxd4 11. exd4 Rac8 12. Rac1 a6 13. c4 dxc4 14. Nxc4 Qc7 15. Nxd6 Qxd6 16. Rfd1 Na7 17. Ne5 Rxc1 18. Rxc1 Rc8 19. Rxc8+ Bxc8 20. h3 Nc6 21. Nxc6 Qxc6 22. a4 Qd5 23. Bc4 Qd6 24. Qf3 Qc7 25. Qe3 Bd7 26.
Qg5 h6 27. Qe3 Bc6 28. Be2 Bd5 29. Bf3 Qc6 30. Bxd5 Nxd5 31. Qg3 Qc7 32. Qxc7 Nxc7 33. Kf1 Nd5 34. Ke2 Kf8 35. g3 Ke7 36. Kd3 Kd6 37. Ba3+ Kc6 38. Kc4 Nb6+ 39. Kd3 Nd5 40. Bf8 g6 41.
Bxh6 Nf6 42. Bg5 Nd5 43. Be3 Nf6 44. g4 Kd5 45. f3 Ne8 46. h4 Ng7 47. Bh6 Ne8 48.
h5 gxh5 49. gxh5 Nf6 50. Be3 Nxh5 51. Bd2 Ng7 52. b4 Nf5 53. Bc3 Nd6 54. Ke3 Nc4+ 55. Kd3 Nd6 56. Ke3 Nc4+ 57. Kd3 Nd6 1/2-1/2

[Event "Live Chess"]
[Site "Chess.com"]
[Date "2023.05.21"]
[Round "-"]
[White "Ferrarifan27"]
[Black "CroasArRheun"]
[Result "1-0"]
[WhiteElo "2055"]
[BlackElo "1838"]
[TimeControl "300"]
[EndTime "23:40:23 PDT"]
[Termination "Ferrarifan27 won by resignation"]

1. e4 e5 2. Nf3 Nc6 3. Bb5 a6 4. Ba4 Nf6 5. O-O Be7 6. Re1 b5 7. Bb3 d6 8. c3 O-O 9. h3 Nb8 10.
d4 exd4 11. cxd4 Nbd7 12. e5 dxe5 13. dxe5 Ne8 14. e6 fxe6 15. Rxe6 Nc5 16. Rd6+ Nxb3 17. Rxd8 Nxa1 18. Qd5+ Kh8 19. Qxa8 Bxd8 20. Qxc8 Nd6 21. Qxa6 1-0

[Event "Live Chess"]
[Site "Chess.com"]
[Date "2023.05.21"]
[Round "-"]
[White "chessfiction"]
[Black "f4nomore"]
[Result "1-0"]
[WhiteElo "2346"]
[BlackElo "1434"]
[TimeControl "300"]
[EndTime "23:40:38 PDT"]
[Termination "chessfiction won by checkmate"]

1. e4 g6 2. d4 Bg7 3. Bc4 e6 4. Nc3 Ne7 5. Nf3 O-O 6. h4 h5 7. g4 d5 8. Bd3 dxe4 9. Nxe4 f5 10. Neg5 fxg4 11. Ne5 Qxd4 12. Qe2 Qxe5 13. Be3 Nbc6 14. c3 Nd5 15. O-O-O Nxe3 16. fxe3 Bd7 17. Bxg6 Qa5 18. Rxd7 Qxa2 19. Bb1 Qa6 20. Qc2 Ne5 21. Qh7# 1-0

[Event "Live Chess"]
[Site "Chess.com"]
[Date "2023.05.21"]
[Round "-"]
[White "Nazarenko_vital"]
[Black "jbooth"]
[Result "0-1"]
[WhiteElo "1622"]
[BlackElo "1697"]
[TimeControl "300"]
[EndTime "23:40:41 PDT"]
[Termination "jbooth won on time"]

1. e4 d6 2. d4 Nf6 3. Bd3 Nbd7 4. Ne2 e5 5. d5 c6 6. Bg5 Be7 7. Bxf6 Bxf6 8. Nbc3 h6 9. O-O Qc7 10. dxc6 bxc6 11. f4 Nc5 12. f5 Nxd3 13. Qxd3 Qb6+ 14. Kh1 Be7 15. b3 a5 16. Qg3 Bf6 17. Rad1 Qc7 18.
Na4 O-O 19. Qe3 Ba6 20. Rfe1 Bxe2 21. Qxe2 Rfd8 22. Rd3 d5 23. exd5 cxd5 24. Rg3 Rd6 25.
Qh5 Kh7 26. Qe2 Qe7 27. c4 dxc4 28. Qxc4 Rad8 29. h3 Rd1 30. Re3 Bg5 31. Re2 Bf4 32. Qc2 Rxe1+ 33. Rxe1 f6 34. Nb6 Qd6 0-1

[Event "Live Chess"]
[Site "Chess.com"]
[Date "2023.05.21"]
[Round "-"]
[White "tpm07"]
[Black "YrrriKharkiv"]
[Result "0-1"]
[WhiteElo "1924"]
[BlackElo "2043"]
[TimeControl "300"]
[EndTime "23:40:51 PDT"]
[Termination "YrrriKharkiv won by resignation"]

1. e4 Nf6 2. Nc3 d5 3. e5 Nfd7 4. e6 fxe6 5. d4 c5 6. Nf3 Nc6 7. Be3 cxd4 8. Bxd4 Nf6 9. Bb5 Bd7 10. Bxc6 bxc6 11. O-O g6 12. Na4 Bg7 13. Nc5 O-O 14.
Ne5 Qc7 15. Re1 Bc8 16. c3 Rb8 17. b4 Ne8 18. Qa4 Rb6 19. Rf1 Bxe5 0-1

[Event "Live Chess"]
[Site "Chess.com"]
[Date "2023.05.21"]
[Round "-"]
[White "elephantgerrald"]
[Black "seasidecastle27"]
[Result "0-1"]
[WhiteElo "575"]
[BlackElo "1778"]
[TimeControl "300"]
[EndTime "23:41:16 PDT"]
[Termination "seasidecastle27 won by checkmate"]

1. e4 d6 2. d4 e5 3. d5 f5 4.
exf5 Bxf5 5. Nf3 Nf6 6. Nc3 Be7 7. Bg5 O-O 8. Bxf6 Bxf6 9. Be2 Nd7 10. O-O Qe7 11.
Nb5 Nb6 12. c4 a6 13. Nc3 Nd7 14. b3 Nc5 15. h3 Rae8 16. g4 Bc8 17. Bd3 Nxd3 18.
Qxd3 e4 19. Nxe4 Qxe4 20. Qxe4 Rxe4 21. Rfe1 Rxe1+ 22. Rxe1 Bd7 23. g5 Bc3 24. Re3 Bxh3 25. Nh4 Bd4 26. Rxh3 Rxf2 27. Kh1 Rxa2 28. g6 hxg6 29.
Nxg6 Kf7 30. Nh8+ Kf6 31. Rf3+ Kg5 32. Nf7+ Kg4 33. Rd3 Bc5 34. b4 Bxb4 35. Rd4+ Kg3 36. Rd3+ Kf4 37. Rd4+ Ke3 38. Rd1 Ke2 39. Rg1 Bc3 40.
Rg2+ Kd3 41. Rxa2 Kxc4 42. Rc2 b5 43. Nd8 b4 44. Nb7 b3 45. Na5+ Kb4 46. Nc6+ Kc4 47. Na5+ Kd3 48. Rc1 b2 49. Rb1 Kc2 50. Nc4 Kxb1 51.
Na3+ Ka2 52. Kg2 Kxa3 53. Kf3 b1=Q 54. Kf4 Qe1 55. Kf5 Be5 56. Kg6 Qg3+ 57. Kh7 Qg5 58. Kg8 Qe7 59. Kh8 g5+ 60. Kg8 Qg7# 0-1

[Event "Live Chess"]
[Site "Chess.com"]
[Date "2023.05.21"]
[Round "-"]
[White "Nazar_777"]
[Black "amazinggoalkeeper"]
[Result "1-0"]
[WhiteElo "1600"]
[BlackElo "514"]
[TimeControl "300"]
[EndTime "23:41:27 PDT"]
[Termination "Nazar_777 won by resignation"]

1. e3 e5 2. h4 f5 3. a3 d5 4. c4 Nf6 5. Nc3 d4 6. Nd5 Nxd5 7.
cxd5 Qxd5 8. Qc2 c5 9. Nf3 e4 10. Ng5 h6 11. Nh3 d3 12. Qa4+ Bd7 13. Qd1 Nc6 14.
Nf4 Qe5 15. Rb1 g5 16. Ng6 Qg7 17. Nxh8 Qxh8 18. hxg5 Qg7 19. Qh5+ Ke7 20. g6 Be8 21.
Qxh6 Qxh6 22. Rxh6 Bxh6 23. b3 Bxg6 24. Bb2 Rd8 25.
g3 b5 26. Bg2 a5 27. Bc3 b4 28. axb4 axb4 29. Bb2 Ne5 30. Bxe5 Ke6 31. Bf4 Bxf4 32. gxf4 Rh8 33. f3 Rh2 34. Kf2 exf3 35. Kxf3 Bh5+ 36. Kg3 Rxg2+ 37. Kxg2 Kd5 38. Rh1 Bg4 39. Kf2 Ke4 40. Rh8 Kd5 41. Rd8+ Kc6 42. Re8 Kd5 43. Re5+ Kd6 44.
Kg3 Kc6 45. e4 Kb5 46. exf5 Bxf5 47. Rxf5 1-0

[Event "Live Chess"]
[Site "Chess.com"]
[Date "2023.05.21"]
[Round "-"]
[White "Tushinskiy"]
[Black "profpirate4"]
[Result "1-0"]
[WhiteElo "2188"]
[BlackElo "1253"]
[TimeControl "300"]
[EndTime "23:41:53 PDT"]
[Termination "Tushinskiy won by resignation"]

1. d4 f5 2. c3 e6 3. Nf3 Nf6 4. Bf4 Be7 5. Bg3 O-O 6. e3 d6 7. Bd3 e5 8. dxe5 dxe5 9. Nxe5 Nc6 10. Nxc6 bxc6 11. Qc2 Ne4 12. Nd2 Nxg3 13. hxg3 Bf6 14. Nf3 Qe7 15. O-O Bb7 16. Bxf5 1-0

[Event "Live Chess"]
[Site "Chess.com"]
[Date "2023.05.21"]
[Round "-"]
[White "HoarseyHorsey"]
[Black "peter-785"]
[Result "1-0"]
[WhiteElo "1434"]
[BlackElo "1209"]
[TimeControl "300"]
[EndTime "23:41:55 PDT"]
[Termination "HoarseyHorsey won by resignation"]

1. d4 d5 2. c4 c6 3. cxd5 cxd5 4. Bf4 e6 5. e3 Nf6 6. Nf3 Be7 7. Nc3 a6 8. Bd3 O-O 9. O-O b5 10. Rc1 Bb7 11.
Ne2 Nc6 12. a3 Rc8 13. b4 Re8 14. Qd2 Bf8 15. Rc2 Ne7 16. Rfc1 Rxc2 17. Rxc2 Ne4 18. Bxe4 dxe4 19. Ne5 Ng6 20. Nxg6 hxg6 21. Ng3 Bd6 22. Bxd6 Qxd6 23. Rc5 f6 24. Qc2 Kf7 25. Nxe4 Bxe4 26.
Qxe4 Re7 27. Qc6 Qd8 28. Qxa6 Rc7 29. Qxb5 1-0

[Event "Live Chess"]
[Site "Chess.com"]
[Date "2023.05.21"]
[Round "-"]
[White "Long1968"]
[Black "AttackingSnowLeopard"]
[Result "0-1"]
[WhiteElo "1015"]
[BlackElo "2147"]
[TimeControl "300"]
[EndTime "23:42:11 PDT"]
[Termination "AttackingSnowLeopard won on time"]

1. e4 c6 2. d4 d5 3. e5 c5 4. c3 Nc6 5. f4 h5 6. Nf3 Nh6 7. Be3 Nf5 8. Kf2 Nxe3 9. Kxe3 cxd4+ 10. cxd4 Bf5 11. Nbd2 e6 12. Nb3 a5 13. Bb5 a4 14.
Nbd2 Be7 15. Rc1 O-O 16. Bxc6 bxc6 17. Rxc6 Qa5 18. Qc1 Qb5 19. Qc3 Bb4 20. Qc1 Qd3+ 21. Kf2 a3 22. b3 f6 23. Rd1 fxe5 24. Nc4 Qc2+ 25. Qxc2 Bxc2 26. Rc1 dxc4 27. Rxc2 cxb3 28. axb3 a2 29. Rxa2 Rxa2+ 0-1

[Event "Live Chess"]
[Site "Chess.com"]
[Date "2023.05.21"]
[Round "-"]
[White "LutherSullivan"]
[Black "Ian-Morley"]
[Result "1-0"]
[WhiteElo "2180"]
[BlackElo "1002"]
[TimeControl "300"]
[EndTime "23:42:29 PDT"]
[Termination "LutherSullivan won by resignation"]

1. e4 e5 2. Nf3 Nc6 3. Bc4 Nf6 4.
d3 d5 5. exd5 Na5 6. O-O Nxc4 7.
dxc4 c6 8. Nxe5 cxd5 9. cxd5 Nxd5 10. c4 Nb6 11. Qxd8+ Kxd8 12. Nxf7+ Kc7 13. Bf4+ Bd6 14. Bxd6+ Kc6 15. Nxh8 Kxd6 16. Nf7+ Kc6 17. Nc3 Bf5 18. g4 Bd3 19. Ne5+ 1-0

[Event "Live Chess"]
[Site "Chess.com"]
[Date "2023.05.21"]
[Round "-"]
[White "LaupMiths"]
[Black "Rusty_Bridges"]
[Result "1-0"]
[WhiteElo "1812"]
[BlackElo "1491"]
[TimeControl "300"]
[EndTime "23:42:48 PDT"]
[Termination "LaupMiths won by resignation"]

1. e4 d6 2. d4 Nf6 3. Nc3 Nbd7 4. f4 e5 5. fxe5 dxe5 6. Nf3 exd4 7. Qxd4 Bc5 8. Qc4 O-O 9. Bd2 Ng4 10. O-O-O Nf2 11.
Bd3 Nxd1 12. Rxd1 Bd6 13. Bg5 Qe8 14. h4 Ne5 15. Nxe5 Bxe5 16. h5 Be6 17. Qc5 Bd6 18. Qf2 Bg4 19. Rh1 h6 20. Bd2 Qe5 21. Nd5 Bxh5 22. g4 Bg6 23. Bf4 Qe6 24. Bxh6 gxh6 25. Qh2 Bh7 26. Qh4 c6 27. Nf6+ Kh8 28. Qxh6 Bf4+ 29. Qxf4 1-0

[Event "Live Chess"]
[Site "Chess.com"]
[Date "2023.05.21"]
[Round "-"]
[White "Mikhail_Golubev"]
[Black "CeladonFish"]
[Result "1-0"]
[WhiteElo "2492"]
[BlackElo "1074"]
[TimeControl "300"]
[EndTime "23:42:54 PDT"]
[Termination "Mikhail_Golubev won by resignation"]

1. e4 d6 2. d4 Nf6 3. f3 g6 4. c4 Bg7 5. Nc3 O-O 6. Be3 Nbd7 7. Nh3 c5 8. d5 a6 9. Nf2 Qa5 10. a4 Nh5 11. Qc2 b5 12. cxb5 axb5 13. Bxb5 Nb6 14. O-O Ba6 15. Bd2 Bxb5 16. Nxb5 Qa6 17. Nc7 Qc8 18.
Nxa8 Qxa8 19. a5 Nd7 20. Bc3 Bxc3 21. Qxc3 Nf4 22. Qd2 Rb8 23. Qxf4 1-0

[Event "Live Chess"]
[Site "Chess.com"]
[Date "2023.05.21"]
[Round "-"]
[White "Jo1ts"]
[Black "Supertromp"]
[Result "0-1"]
[WhiteElo "839"]
[BlackElo "2131"]
[TimeControl "300"]
[EndTime "23:42:59 PDT"]
[Termination "Supertromp won by checkmate"]

1. d4 Nf6 2. Bf4 g6 3. Nf3 Bg7 4. e3 O-O 5. Nbd2 d6 6. c3 Nbd7 7.
h3 Re8 8. Bh2 b6 9. Bb5 Bb7 10.
Qe2 e5 11. dxe5 dxe5 12. Nxe5 Nxe5 13. Bxe8 Qxe8 14. Bxe5 Qxe5 15. Nf3 Qh5 16. O-O-O Qa5 17. Kb1 Ne4 18. Qd3 Nxf2 19. Qd7 Be4+ 20. Ka1 Nxh1 21. Rxh1 Qxc3 22. bxc3 Bxc3# 0-1

[Event "Live Chess"]
[Site "Chess.com"]
[Date "2023.05.21"]
[Round "-"]
[White "febray_27"]
[Black "Mugzwang"]
[Result "1-0"]
[WhiteElo "2002"]
[BlackElo "1565"]
[TimeControl "300"]
[EndTime "23:43:23 PDT"]
[Termination "febray_27 won by resignation"]

1. Nf3 d5 2. d4 Nf6 3. g3 c6 4. Bg2 Bg4 5. O-O Nbd7 6. c4 e6 7. Nc3 Be7 8. b3 O-O 9. a4 a5 10. Bb2 Qc7 11. Rc1 Rac8 12. cxd5 exd5 13. Qd3 Qd8 14.
h3 Bxf3 15. Bxf3 Bd6 16. e4 dxe4 17. Nxe4 Nxe4 18. Bxe4 Nf6 19. Bg2 Qd7 20. Rfd1 Rfd8 21. d5 Nxd5 22. Bxd5 cxd5 23. Rxc8 Qxc8 24. Qxd5 Qxh3 25.
Qe5 Qh6 26. Qxa5 Qg5 1-0

[Event "Live Chess"]
[Site "Chess.com"]
[Date "2023.05.21"]
[Round "-"]
[White "Biranidun"]
[Black "Singapourfeuj"]
[Result "1-0"]
[WhiteElo "2563"]
[BlackElo "2212"]
[TimeControl "300"]
[EndTime "23:43:23 PDT"]
[Termination "Biranidun won by resignation"]

1. e4 c5 2. Nf3 d6 3. d4 cxd4 4.
Nxd4 Nf6 5. Nc3 a6 6. Be3 e5 7. Nb3 Be7 8. f3 Be6 9. Qd2 h5 10. Nd5 Bxd5 11. exd5 Nbd7 12. Be2 Nb6 13. c4 Rc8 14.
Na5 Qc7 15. O-O h4 16. b4 h3 17. g3 Nbd7 18. Rac1 Qb8 19. Rfd1 O-O 20. Bf1 e4 21. f4 Ng4 22. Bxh3 Nxe3 23. Qxe3 f5 24. c5 dxc5 25. d6 Bxd6 26. Nc4 Rf6 27. Nxd6 Rxd6 28. Bxf5 Rd8 29. bxc5 Rxd1+ 30. Rxd1 Nf6 31. Rxd8+ Qxd8 32. Bxe4 Qd1+ 33.
Kg2 Ng4 34. Qb3+ Qxb3 35. axb3 a5 36. Bxb7 Ne3+ 37. Kf3 Nc2 38. Ke4 Kf7 39. c6 Ke7 40. c7 1-0

[Event "Live Chess"]
[Site "Chess.com"]
[Date "2023.05.21"]
[Round "-"]
[White "MaximKris"]
[Black "matt1979"]
[Result "1-0"]
[WhiteElo "1838"]
[BlackElo "1521"]
[TimeControl "300"]
[EndTime "23:43:30 PDT"]
[Termination "MaximKris won by checkmate"]

1. e4 d6 2. d4 Nf6 3. Nc3 e5 4.
dxe5 dxe5 5. Qxd8+ Kxd8 6. Nf3 Bd6 7. Bg5 Be6 8. O-O-O Nd7 9. Nd5 h6 10. Nxf6 gxf6 11.
Be3 Ke7 12. a3 Nc5 13. Bxc5 Bxc5 14. Rd2 Rad8 15. Bd3 Bg4 16. Rhd1 Rd6 17. c4 a6 18. b4 Ba7 19. c5 Rd7 20. Bc4 Rxd2 21. Rxd2 Be6 22. Bxe6 fxe6 23. Nh4 Rg8 24. g3 b6 25. c6 Rd8 26. Ng6+ Ke8 27. Rxd8+ Kxd8 28. Kc2 b5 29. f4 exf4 30. gxf4 Ke8 31. h4 Kf7 32. h5 Bf2 33. e5 f5 34. Kb3 Be3 35. a4 bxa4+ 36. Kxa4 Bb6 37. b5 a5 38. Kb3 Kg7 39. Ne7 Kf7 40. Nc8 Ke8 41. Kc4 Kd8 42. Nd6 cxd6 43. exd6 a4 44. Kb4 e5 45. fxe5 f4 46. e6 f3 47. c7+ Bxc7 48. e7+ Kd7 49. dxc7 f2 50. c8=Q+ Kxe7 51. Qf5 Kd6 52. Qxf2 a3 53. Qa2 Ke5 54. Qxa3 Kf5 55. Qa6 Ke5 56. Kc5 Ke4 57. b6 Ke5 58. b7 Ke4 59. b8=Q Ke3 60. Qbd6 Ke4 61. Qa1 Ke3 62. Qe1+ Kf3 63. Qf6+ Kg4 64. Qeh4# 1-0

[Event "Live Chess"]
[Site "Chess.com"]
[Date "2023.05.21"]
[Round "-"]
[White "CroasArRheun"]
[Black "MarkLim1"]
[Result "0-1"]
[WhiteElo "1826"]
[BlackElo "1670"]
[TimeControl "300"]
[EndTime "23:43:35 PDT"]
[Termination "MarkLim1 won by resignation"]

1. d4 Nf6 2. c4 e6 3. Nc3 d5 4.
cxd5 Nxd5 5. e4 Nxc3 6. bxc3 c5 7.
Nf3 cxd4 8. cxd4 Bb4+ 9. Bd2 Bxd2+ 10. Qxd2 O-O 11. Bd3 Nc6 12. e5 Qa5 13. Qxa5 Nxa5 14. O-O b6 15. Be4 Bb7 16. Bxb7 Nxb7 17. Rfc1 Rac8 18.
h3 h6 19. Kf1 Rfd8 20. Ke2 Kf8 21. Kd2 Ke7 22. Rc3 Rxc3 23. Kxc3 Kd7 24. Rc1 Rc8+ 25. Kd2 Rxc1 26. Kxc1 Kc6 27. Kc2 Kd5 28. Kd3 Na5 29.
Nd2 Nc6 30. Nf3 Nb4+ 31. Kc3 Nxa2+ 32. Kb3 Nc1+ 33. Kc2 Ne2 34. Kd3 Nf4+ 35. Kc3 Nxg2 36. Kb4 a6 37. Ka4 Nf4 38. Kb4 Ne2 0-1

[Event "Live Chess"]
[Site "Chess.com"]
[Date "2023.05.21"]
[Round "-"]
[White "AlanPaling"]
[Black "rmethornhill"]
[Result "1-0"]
[WhiteElo "1369"]
[BlackElo "1182"]
[TimeControl "300"]
[EndTime "23:43:46 PDT"]
[Termination "AlanPaling won on time"]

1. c4 Nf6 2. Nc3 e6 3. e4 Bb4 4. Nge2 d6 5. g3 e5 6. Bg2 O-O 7. O-O Bg4 8. f3 Be6 9. a3 Bxc3 10. Nxc3 Bxc4 11. Rf2 Nc6 12. d3 Be6 13. Be3 Nd4 14. Ne2 c5 15. f4 Bg4 16. Bf1 exf4 17. gxf4 Bxe2 18. Bxe2 Nxe2+ 19. Qxe2 Qd7 20. Rg2 Rae8 21. Qf3 Re7 22. Qg3 Nh5 23. Qg4 Qxg4 24. Rxg4 Rfe8 25.
Kf2 Kf8 26. Rag1 g6 27. f5 d5 28. Bh6+ Kg8 29. fxg6 fxg6 30. Bg5 Rf7+ 31. Ke3 dxe4 32. Rxe4 Rxe4+ 33. dxe4 Ng7 34. Rd1 Rf8 35. Rd7 Re8 36.
Rxb7 Nf5+ 37. Kf4 Nd6 38. Rxa7 Rxe4+ 39. Kf3 Re5 40. Bf4 Rf5 41. Rd7 Nf7 42. Ke4 Ng5+ 43.
Ke3 Ne6 44. Bg3 1-0

[Event "Live Chess"]
[Site "Chess.com"]
[Date "2023.05.21"]
[Round "-"]
[White "Shepherds_Pie"]
[Black "chessfiction"]
[Result "0-1"]
[WhiteElo "1923"]
[BlackElo "2347"]
[TimeControl "300"]
[EndTime "23:44:52 PDT"]
[Termination "chessfiction won by resignation"]

1. c4 d5 2. cxd5 c6 3. d4 Nf6 4.
Nf3 cxd5 5. Nc3 Nc6 6. g3 h5 7. h4 Bg4 8. Bg2 e6 9. O-O Bd6 10. Nb5 Bb8 11. Bd2 a6 12. Nc3 Bxf3 13. Bxf3 Nxd4 14.
Bg2 Ng4 15. e4 Qb6 16. exd5 Bxg3 17. Be3 Nxe3 18. fxe3 Nf5 19. Rxf5 Qxe3+ 20. Kh1 exf5 21. d6 O-O 22. Qxh5 Qf4 23. Rf1 g6 24. Rxf4 gxh5 25. Rxf5 Bxh4 26. Rxh5 Bf6 27. Nd5 Kg7 28. Be4 Rh8 29.
Rxh8 Rxh8+ 30. Kg2 Rd8 31. Nxf6 Kxf6 32. Bxb7 Rxd6 33. Be4 Rd2+ 0-1

[Event "Live Chess"]
[Site "Chess.com"]
[Date "2023.05.21"]
[Round "-"]
[White "KeithArkell"]
[Black "MJMykh"]
[Result "1-0"]
[WhiteElo "2555"]
[BlackElo "966"]
[TimeControl "300"]
[EndTime "23:45:05 PDT"]
[Termination "KeithArkell won by checkmate"]

1. d4 d5 2. Nf3 Nc6 3. c4 dxc4 4. e4 Nf6 5. Nc3 e6 6. Bxc4 Bb4 7. e5 Bxc3+ 8. bxc3 Nd5 9. Bd2 O-O 10. Bd3 h6 11. Qe2 Qe7 12. h4 Qa3 13. Qe4 f5 14. exf6 Nxf6 15.
Qe2 Nd5 16. Rc1 Qxa2 17. O-O Nf4 18. Bxf4 Qxe2 19. Bxe2 Rxf4 20. Bb5 Bd7 21. Rfe1 Rff8 22. Bxc6 Bxc6 23. Ne5 Bb5 24. c4 Ba6 25. Nd7 Rfd8 26. Nc5 Rac8 27. Nxa6 bxa6 28. Rxe6 Rxd4 29. g3 Rd6 30.
Re5 Kf7 31. c5 Re6 32. Rd5 Ke7 33. Rcd1 Kf6 34. R1d3 Kg6 35. h5+ Kh7 36. Rf3 Re1+ 37. Kg2 Re6 38. Rf7 c6 39. Rdd7 Rg8 40. f4 Re2+ 41.
Kh3 Rc2 42. f5 Rxc5 43. g4 a5 44. Rxa7 Rb5 45. Rfc7 c5 46. f6 Rb3+ 47. Kh4 Kh8 48. Rxc5 Ra3 49. Rcc7 a4 50. Re7 Ra1 51. f7 Rd8 52.
Re8+ Rxe8 53. fxe8=Q+ Kh7 54. Qe4+ Kh8 55. Qd4 Kh7 56.
Qxg7# 1-0

[Event "Live Chess"]
[Site "Chess.com"]
[Date "2023.05.21"]
[Round "-"]
[White "toxic_rabbit"]
[Black "mirandaasilva"]
[Result "1-0"]
[WhiteElo "2000"]
[BlackElo "1630"]
[TimeControl "300"]
[EndTime "23:45:28 PDT"]
[Termination "toxic_rabbit won on time"]

1. e4 g6 2. Nf3 Bg7 3. c3 Nf6 4. e5 Nh5 5. d4 d5 6. h3 Bf8 7.
g4 Ng7 8. Bg2 h5 9. Ng5 Ne6 10.
Nxe6 Bxe6 11. f4 hxg4 12. hxg4 Rxh1+ 13. Bxh1 Nc6 14. Bf3 Qd7 15. b4 a6 16. a4 Na7 17.
Nd2 b5 18. a5 O-O-O 19. Nb3 Qc6 20. Nc5 Kb8 21. Qd3 Nc8 22. f5 gxf5 23. gxf5 Bd7 24.
Bg5 f6 25. e6 fxg5 26. Nxd7+ Rxd7 27. exd7 Qxd7 28. O-O-O Bh6 29. Bg4 Nd6 30. Re1 Ne4 31.
Rxe4 dxe4 32. Qxe4 Qd6 33. Kb2 Bg7 34. Bf3 Kc8 35.
Qa8+ Kd7 36. Bd5 Bf6 37. Be6+ Qxe6 38. fxe6+ Kxe6 39. Qe4+ Kd7 40. d5 c6 41. Qe6+ Kc7 42. Qxc6+ Kd8 43. Qb6+ Ke8 44. Qxa6 g4 45. Qxb5+ Kf7 46.
a6 Kg6 47. a7 Be5 48. a8=Q Bd6 49. Qd3+ Kf6 50. Qf1+ Kg5 51. Qg8+ Kh4 52. Qh1+ Kg3 53. Qh2+ Kxh2 54. Qxg4 Bg3 55. Qxg3+ Kh1 56. Qg1+ Kxg1 57. b5 e6 58. dxe6 1-0

[Event "Live Chess"]
[Site "Chess.com"]
[Date "2023.05.21"]
[Round "-"]
[White "CeladonFish"]
[Black "Ian-Morley"]
[Result "1/2-1/2"]
[WhiteElo "1072"]
[BlackElo "1005"]
[TimeControl "300"]
[EndTime "23:45:30 PDT"]
[Termination "Game drawn by repetition"]

1. d4 e5 2. Nf3 Nc6 3. d5 Nce7 4. e4 d6 5. Bc4 Bg4 6. Nc3 Ng6 7. h3 Bxf3 8. Qxf3 Nf6 9. Bb5+ Nd7 10. Nb1 a6 11.
Bxd7+ Qxd7 12. Nc3 Nf4 13. Bxf4 exf4 14. Qxf4 f6 15. O-O-O O-O-O 16. Rd3 b5 17. Ne2 a5 18. Ra3 a4 19. Qe3 b4 20. Qa7 c5 21. Qa8+ Kc7 22.
Qa7+ Kc8 23. Qa8+ Kc7 24. Qa7+ Kc8 1/2-1/2

[Event "Live Chess"]
[Site "Chess.com"]
[Date "2023.05.21"]
[Round "-"]
[White "Duke_of_Bebington"]
[Black "ossie57"]
[Result "0-1"]
[WhiteElo "1581"]
[BlackElo "1934"]
[TimeControl "300"]
[EndTime "23:45:35 PDT"]
[Termination "ossie57 won on time"]

1. e4 c5 2. c3 d5 3. exd5 Qxd5 4.
d4 Nf6 5. Nf3 Bg4 6. Be2 Nc6 7.
dxc5 Qxd1+ 8. Bxd1 e6 9. b4 a5 10.
Bd2 Ne4 11. b5 Nd8 12. Be3 Rc8 13. O-O Nxc5 14. a4 b6 15. Nbd2 Be7 16. Bc2 O-O 17. h3 Bh5 18. Nc4 Rb8 19. Nce5 Bxf3 20. Nxf3 f6 21. Rad1 Nf7 22. Nd4 Nd8 23. Nb3 Nxb3 24. Bxb3 Kh8 25. Rd7 Re8 26. Rfd1 Bf8 27. Kf1 Nb7 28.
Bxb6 Rec8 29. Bxe6 Rxc3 30. Bd5 Nc5 31. Bxc5 Rxc5 32.
Bc6 Re5 33. Ra7 Kg8 34. Rxa5 Kf7 35. Ra7+ Kg6 36. a5 Bc5 37. Rad7 Rbe8 38. Bf3 Rb8 39. b6 Bxb6 40. axb6 Rxb6 41. R7d6 Rb2 42. R6d2 Rb3 43. Re2 Rxe2 44. Bxe2 Rb4 45. Rd3 Rb1+ 46. Rd1 Rb2 0-1

[Event "Live Chess"]
[Site "Chess.com"]
[Date "2023.05.21"]
[Round "-"]
[White "martynstanley"]
[Black "diana21strabt"]
[Result "0-1"]
[WhiteElo "999"]
[BlackElo "1721"]
[TimeControl "300"]
[EndTime "23:45:39 PDT"]
[Termination "diana21strabt won by checkmate"]

1. d4 Nf6 2. e3 d5 3. Bd3 e6 4. c3 c5 5. f4 cxd4 6. exd4 Bd6 7. Nf3 Qc7 8. O-O Nc6 9. Ne5 Nd7 10. Rf3 f6 11.
Nd2 fxe5 12. fxe5 Be7 13. Qe2 Ndxe5 14. dxe5 Nxe5 15. Rf2 Bc5 16. Nf3 Nxd3 17. Qxd3 Bxf2+ 18. Kxf2 O-O 19. b3 Qxh2 20. Bb2 Qh4+ 21. Ke2 Qe4+ 22. Qxe4 dxe4 23. Ne5 Rf5 24. c4 b6 25. Rg1 Bb7 26.
g3 Rd8 27. g4 Rg5 28. Ke3 h5 29. Kf4 Rxg4+ 30. Nxg4 hxg4 31. Rxg4 Rf8+ 32. Ke3 Rf3+ 33. Ke2 Rf7 34. Ke3 a6 35. a3 Rf3+ 36. Ke2 Rxb3 37. Rxg7+ Kf8 38. Rxb7 Rxb2+ 39. Ke3 Rb3+ 40. Kxe4 Rxa3 41.
Rxb6 Ke7 42. Ke5 Ra5+ 43. Kd4 Kf6 44. c5 Ra4+ 45. Kc3 Ke5 46. c6 Kd6 47. c7+ Kxc7 48. Rxe6 Kb7 49. Re7+ Kb6 50. Re6+ Kc5 51. Re5+ Kd6 52.
Re3 Rh4 53. Rd3+ Kc5 54. Kc2 Kb4 55. Rb3+ Ka4 56. Kb2 Rh2+ 57. Kc3 Rh3+ 58. Kc4 Rxb3 59. Kd5 a5 60. Kd4 Rb4+ 61. Kc3 Ka3 62. Kc2 a4 63. Kc3 Rb3+ 64. Kc2 Ka2 65. Kc1 a3 66. Kc2 Rb2+ 67.
Kc1 Ka1 68. Kd1 Kb1 69. Ke1 a2 70. Kf1 a1=Q 71. Kg1 Ka2# 0-1